[Event "ICC tourney 2552 (3 2)"]
[Site "Internet Chess Club"]
[Date "2021.05.07"]
[Round "1"]
[White "AMBIL, KESHAV:K03-30048105"]
[Black "NICHOLES, BRECKEN:K06-30162593"]
[Result "0-1"]
[ICCResult "White checkmated"]
[WhiteElo "1400"]
[BlackElo "1400"]
[Opening "Scandinavian (center counter) defense"]
[ECO "B01"]
[NIC "VO.17"]
[Time "18:02:34"]
[PlyCount "166"]
[TimeControl "180+2"]

1. e4 d5 2. Nc3 dxe4 3. Nxe4 Qd7 4. Nf3 Qe6 5. Qe2 Nf6 6. Nxf6+ Qxf6 7. d4
Bg4 8. h3 Bxf3 9. Qxf3 Qxf3 10. gxf3 Nd7 11. Bf4 O-O-O 12. Bc4 e6 13. O-O-O
h5 14. c3 g6 15. Rhg1 Bh6 16. Bg5 Bxg5+ 17. Rxg5 Nb6 18. Bd3 Kb8 19. h4
Rhg8 20. Re1 Nd5 21. c4 Nf4 22. Be4 Rxd4 23. Rb5 b6 24. Rd1 Rxc4+ 25. Kb1
a6 26. Rb3 Nh3 27. Rd2 g5 28. Bd3 Ra4 29. hxg5 Nxg5 30. Be4 Nxe4 31. fxe4
Rxe4 32. Rbd3 Rg1+ 33. Kc2 Rc4+ 34. Kb3 Rc5 35. Rd8+ Kb7 36. R8d7 Rgg5 37.
Rxf7 Rb5+ 38. Kc2 Rbc5+ 39. Kb3 h4 40. Rf3 Rh5 41. Rh3 Rb5+ 42. Kc2 e5 43.
Kc3 e4 44. Re2 Rbc5+ 45. Kd2 Rcd5+ 46. Ke1 Rde5 47. f4 exf3 48. Rxe5 Rxe5+
49. Kf2 Re2+ 50. Kxf3 Rxb2 51. Rxh4 Rxa2 52. Rd4 Ra3+ 53. Ke4 Rh3 54. Kd5
a5 55. Re4 Rh5+ 56. Kd4 Kc6 57. Re1 Rd5+ 58. Ke4 a4 59. Rc1+ Kd6 60. Ke3 a3
61. Ra1 Ra5 62. Rd1+ Kc6 63. Rc1+ Kb7 64. Ra1 b5 65. Kd4 Kb6 66. Kc3 Kc5
67. Kb3 b4 68. Rc1+ Kb5 69. Ra1 c5 70. Kc2 c4 71. Kb1 b3 72. Kc1 b2+ 73.
Kb1 bxa1=Q+ 74. Kxa1 Kc5 75. Ka2 c3 76. Kb1 c2+ 77. Kxc2 Rb5 78. Kc3 Rb6
79. Kc2 Rc6 80. Kb1 a2+ 81. Kxa2 Rb6 82. Ka3 Kc4 83. Ka4 Ra6# { White
checkmated } 0-1

[Event "ICC tourney 2552 (3 2)"]
[Site "Internet Chess Club"]
[Date "2021.05.07"]
[Round "1"]
[White "JAIN, VIAAN:K01-30173117"]
[Black "SHENVI PRIOLKAR, ANSH:K05-30065668"]
[Result "0-1"]
[ICCResult "White checkmated"]
[WhiteElo "1400"]
[BlackElo "1400"]
[Opening "Vienna game"]
[ECO "C28"]
[NIC "IG.04"]
[Time "18:03:41"]
[PlyCount "76"]
[TimeControl "180+2"]

1. e4 e5 2. Bc4 Nc6 3. Nc3 Nf6 4. d3 Bc5 5. Be3 Bb6 6. Bxb6 axb6 7. Nf3 O-O
8. O-O d6 9. Ng5 h6 10. Bxf7+ Rxf7 11. Nxf7 Kxf7 12. Qf3 Nd4 13. Qg3 Nxc2
14. Rac1 Nd4 15. f3 Rxa2 16. Nxa2 Ne2+ 17. Kf2 Nxg3 18. hxg3 Be6 19. Nc3 d5
20. exd5 Nxd5 21. Nb5 c6 22. Na7 Qa8 23. Ra1 Qd8 24. Rfc1 Nb4 25. Rc3 Nd5
26. Rca3 Nb4 27. Ke2 Nc2 28. Nxc6 bxc6 29. Ra8 Nd4+ 30. Kd2 Qg5+ 31. Kc3
Qxg3 32. R1a7+ Kf6 33. Rf8+ Kg6 34. Re8 Qf2 35. Ra6 Qc2+ 36. Kb4 Qc5+ 37.
Ka4 Qb5+ 38. Ka3 Nc2# { White checkmated } 0-1

[Event "ICC tourney 2552 (3 2)"]
[Site "Internet Chess Club"]
[Date "2021.05.07"]
[Round "1"]
[White "MANAV, RAYHAN:K06-30167023"]
[Black "CHA, SAMUEL:K03-30048965"]
[Result "0-1"]
[ICCResult "White forfeits on time"]
[WhiteElo "1400"]
[BlackElo "1400"]
[Opening "Queen's pawn"]
[ECO "A40"]
[NIC "QO.17"]
[Time "18:04:00"]
[PlyCount "36"]
[TimeControl "180+2"]

1. d4 e6 2. Nc3 d5 3. e3 Nf6 4. Bb5+ Bd7 5. Be2 a6 6. b4 Bxb4 7. Bd2 Bxc3
8. Bxc3 Nc6 9. Bf3 Ne7 10. Rb1 Nc8 11. Rb4 Nb6 12. Bb2 Qe7 13. Ba3 Nc4 14.
Rxb7 Qxa3 15. Rb3 Qa5+ 16. c3 Ba4 17. Rb4 Bxd1 18. Kxd1 Qxa2 { White
forfeits on time } 0-1

[Event "ICC tourney 2552 (3 2)"]
[Site "Internet Chess Club"]
[Date "2021.05.07"]
[Round "1"]
[White "THERESA VIJAYRAM, VANEESHA:K05-16365598"]
[Black "JANI, AAKASH:K01-17179264"]
[Result "1/2-1/2"]
[ICCResult "Game drawn because neither player has mating material"]
[WhiteElo "1400"]
[BlackElo "1400"]
[Opening "Four knights: Spanish, classical defense"]
[ECO "C48"]
[NIC "KP.03"]
[Time "18:03:00"]
[PlyCount "121"]
[TimeControl "180+2"]

1. e4 e5 2. Nf3 Nc6 3. Nc3 Nf6 4. Bb5 Bc5 5. Nxe5 Nxe5 6. d4 Bxd4 7. Qxd4
Qe7 8. Bf4 Nc6 9. Bxc6 dxc6 10. O-O O-O 11. Bg5 c5 12. Qe3 h6 13. Bxf6 Qxf6
14. Rfe1 b6 15. Re2 Bb7 16. Rae1 Rfe8 17. f3 Qd4 18. Nb5 Qxe3+ 19. Rxe3
Rec8 20. Nc3 Re8 21. Nd5 Bxd5 22. exd5 Rxe3 23. Rxe3 Kf8 24. Kf2 Re8 25.
Rxe8+ Kxe8 26. Ke3 Ke7 27. Ke4 Kd6 28. g4 f6 29. h4 g6 30. c4 c6 31. b3
cxd5+ 32. cxd5 a5 33. a4 Ke7 34. f4 h5 35. g5 fxg5 36. fxg5 Kd6 37. Kd3
Kxd5 38. Ke3 c4 39. bxc4+ Kxc4 40. Kd2 Kb4 41. Ke3 Kxa4 42. Kf4 b5 43. Ke5
b4 44. Kf6 b3 45. Kxg6 b2 46. Kxh5 b1=Q 47. g6 Qb5+ 48. Kh6 Qe8 49. g7 Qg8
50. h5 Kb4 51. Kg6 a4 52. h6 a3 53. h7 Qe8+ 54. Kh6 a2 55. h8=Q Qe6+ 56.
Kh7 a1=Q 57. g8=Q Qxh8+ 58. Qxh8 Qh3+ 59. Kg8 Qc8+ 60. Kh7 Qxh8+ 61. Kxh8 {
Game drawn because neither player has mating material } 1/2-1/2

[Event "ICC tourney 2552 (3 2)"]
[Site "Internet Chess Club"]
[Date "2021.05.07"]
[Round "1"]
[White "YOU, GEORGE:K03-30136172"]
[Black "VARADA, PRAHARSH:K05-30168995"]
[Result "1-0"]
[ICCResult "Black checkmated"]
[WhiteElo "1400"]
[BlackElo "1229"]
[Opening "Giuoco Pianissimo"]
[ECO "C50"]
[NIC "IG.02"]
[Time "18:03:41"]
[PlyCount "119"]
[TimeControl "180+2"]

1. e4 e5 2. Nf3 Nc6 3. Bc4 Bc5 4. d3 Nf6 5. O-O O-O 6. h3 d6 7. Re1 Be6 8.
Bxe6 fxe6 9. Nc3 Bd4 10. Ne2 Bc5 11. Ng3 Qe7 12. Be3 Bxe3 13. fxe3 d5 14.
exd5 exd5 15. Qe2 Nd7 16. Qf2 Nb6 17. Rad1 e4 18. dxe4 dxe4 19. Qe2 exf3
20. gxf3 Ne5 21. Kg2 Rf7 22. Rd2 Raf8 23. Rf1 Rf6 24. Ne4 Rh6 25. Kh2 Qe6
26. Ng5 Rf5 27. Nxe6 Rff6 28. Nxc7 Rc6 29. Nd5 Nxd5 30. Rxd5 Ng6 31. Rd8+
Kf7 32. Rd7+ Kg8 33. Rxb7 a6 34. Rd1 Nf8 35. Ra7 Ne6 36. Rxa6 Rxa6 37. Qxa6
Kf7 38. Qa7+ Kf6 39. Rg1 Ng5 40. Qd4+ Kg6 41. Qg4 Rh5 42. f4 h6 43. fxg5
Rxg5 44. Qxg5+ hxg5 45. c4 Kf6 46. c5 Kg6 47. c6 Kf6 48. c7 Kg6 49. c8=Q
Kf6 50. b4 Kg6 51. b5 Kf6 52. b6 Kg6 53. b7 Kf6 54. b8=Q Kg6 55. Qg4 Kf7
56. Rf1+ Ke7 57. Qxg5+ Ke6 58. Qf5+ Ke7 59. Qbe5+ Kd8 60. Rd1# { Black
checkmated } 1-0

[Event "ICC tourney 2552 (3 2)"]
[Site "Internet Chess Club"]
[Date "2021.05.07"]
[Round "1"]
[White "SOMARAM, AKANKSHA:K05-17045572"]
[Black "TIANCHEN ZHANG, JERRY:K01-30136135"]
[Result "0-1"]
[ICCResult "White forfeits on time"]
[WhiteElo "1400"]
[BlackElo "1400"]
[Opening "Giuoco Piano: four knights variation"]
[ECO "C47"]
[NIC "KP.06"]
[Time "18:03:00"]
[PlyCount "86"]
[TimeControl "180+2"]

1. e4 e5 2. Nf3 Nc6 3. Nc3 Nf6 4. Bc4 Bc5 5. h3 O-O 6. O-O h6 7. d3 d6 8.
Bd2 Bd7 9. Qe2 a6 10. Rad1 b5 11. Bd5 Nxd5 12. exd5 Ne7 13. a3 a5 14. Ne4
Ng6 15. Nxc5 dxc5 16. c3 Re8 17. b4 cxb4 18. cxb4 a4 19. Qe4 Qe7 20. Rde1
Kh7 21. Nh4 Rad8 22. Nxg6 fxg6 23. Qf4 exf4 24. Rxe7 Rxe7 25. Bxf4 Rde8 26.
Bd2 Re2 27. Bc3 Ra2 28. g3 Bxh3 29. Rc1 Rxa3 30. Kh2 Bf5 31. Be5 Rxd3 32.
Bxc7 a3 33. Ra1 Ra8 34. Bf4 a2 35. Be5 Rb3 36. g4 Bxg4 37. d6 Rb1 38. d7
Bxd7 39. f4 Rxa1 40. Bxa1 Kh8 41. Kg3 Kg8 42. Kf2 Kf7 43. Ke2 h5 { White
forfeits on time } 0-1

[Event "ICC tourney 2552 (3 2)"]
[Site "Internet Chess Club"]
[Date "2021.05.07"]
[Round "1"]
[White "WEI, STANLEY:K05-17311215"]
[Black "XU, MARK:K01-30156835"]
[Result "1-0"]
[ICCResult "Black forfeits on time"]
[WhiteElo "1400"]
[BlackElo "1400"]
[Opening "Ruy Lopez: Caro variation"]
[ECO "C70"]
[NIC "RL.09"]
[Time "18:03:00"]
[PlyCount "61"]
[TimeControl "180+2"]

1. e4 e5 2. Nf3 Nc6 3. Bb5 a6 4. Ba4 b5 5. Bb3 Qf6 6. O-O Bd6 7. Re1 Nh6 8.
c3 O-O 9. d3 a5 10. Bg5 Qg6 11. d4 exd4 12. cxd4 Bb4 13. Nc3 a4 14. Bd5
Bxc3 15. bxc3 Ra5 16. a3 Ra6 17. Qd2 Bb7 18. Bxc6 Bxc6 19. Ne5 Qe6 20. Nxc6
Qxc6 21. d5 Qd6 22. e5 Qb6 23. h3 c6 24. dxc6 dxc6 25. Rad1 f6 26. exf6
gxf6 27. Qa2+ Kg7 28. Rd7+ Kg6 29. Bxh6 Kxh6 30. Qd2+ Kg6 31. Re3 { Black
forfeits on time } 1-0

[Event "ICC tourney 2552 (3 2)"]
[Site "Internet Chess Club"]
[Date "2021.05.07"]
[Round "1"]
[White "SCHMELZER, ZACHARY:K05-16849843"]
[Black "YU, YANG:K01-30094337"]
[Result "0-1"]
[ICCResult "White forfeits on time"]
[WhiteElo "1400"]
[BlackElo "1400"]
[Opening "two knights defense: Ulvestad variation"]
[ECO "C57"]
[NIC "KP.01"]
[Time "18:03:40"]
[PlyCount "94"]
[TimeControl "180+2"]

1. e4 e5 2. Nf3 Nc6 3. Bc4 Nf6 4. Ng5 d5 5. exd5 b5 6. dxc6 bxc4 7. O-O Qd5
8. d3 cxd3 9. Qxd3 Qxd3 10. cxd3 Bf5 11. Rd1 Bc5 12. Nc3 O-O 13. Nf3 Bg4
14. h3 Bh5 15. g4 Nxg4 16. hxg4 Bxg4 17. Kg2 Rfe8 18. Re1 Bd6 19. Nd2 f5
20. f3 Bh5 21. b3 Bb4 22. Bb2 Re6 23. a3 Bxc3 24. Bxc3 Rxc6 25. Bxe5 Rc2
26. Red1 Re8 27. Bg3 Re2+ 28. Bf2 Rexd2 29. Rxd2 Rxd2 30. Rc1 Rxd3 31. Bxa7
Rxb3 32. Rxc7 Bxf3+ 33. Kf2 Rxa3 34. Rc8+ Kf7 35. Rc7+ Kg6 36. Be3 Bg4 37.
Rc6+ Kh5 38. Rc7 Ra2+ 39. Kg3 Ra3 40. Kf4 Ra4+ 41. Kg3 Re4 42. Kf2 f4 43.
Rc5+ Kh4 44. Bd2 Re2+ 45. Kf1 Rxd2 46. Rc7 Kg3 47. Rc1 Bf3 { White forfeits
on time } 0-1

[Event "ICC tourney 2552 (3 2)"]
[Site "Internet Chess Club"]
[Date "2021.05.07"]
[Round "1"]
[White "GOLDEL, ADAM:K06-30160029"]
[Black "YU, ADA:K03-30046211"]
[Result "0-1"]
[ICCResult "White forfeits on time"]
[WhiteElo "1400"]
[BlackElo "1400"]
[Opening "Bishop's opening"]
[ECO "C23"]
[NIC "IG.04"]
[Time "18:03:41"]
[PlyCount "52"]
[TimeControl "180+2"]

1. e4 e5 2. Bc4 Nc6 3. Qf3 Nf6 4. Nh3 Bb4 5. O-O Nd4 6. Qg3 Rg8 7. c3 Ne2+
8. Kh1 Nxg3+ 9. fxg3 Nxe4 10. cxb4 Qe7 11. d3 Qxb4 12. dxe4 Qxc4 13. Na3
Qxf1+ 14. Ng1 Qf6 15. Nh3 d6 16. Be3 Bg4 17. Nf2 Be2 18. Nh3 Bf1 19. Bg5
Qg6 20. Bd2 Qh5 21. Nf4 Qh6 22. g4 Rd8 23. Rxf1 Qh4 24. h3 d5 25. exd5 exf4
26. Bxf4 Rxd5 { White forfeits on time } 0-1

[Event "ICC tourney 2552 (3 2)"]
[Site "Internet Chess Club"]
[Date "2021.05.07"]
[Round "1"]
[White "SAHU, ANAY:K05-30166348"]
[Black "THOMAS, HENRY:K03-16790331"]
[Result "1-0"]
[ICCResult "Black checkmated"]
[WhiteElo "1400"]
[BlackElo "1400"]
[Opening "Giuoco Piano: four knights variation"]
[ECO "C55"]
[NIC "IG.01"]
[Time "18:02:38"]
[PlyCount "145"]
[TimeControl "180+2"]

1. e4 e5 2. Nf3 Nc6 3. Bc4 Nf6 4. Nc3 Bc5 5. O-O O-O 6. b3 d6 7. Bb2 Be6 8.
Bxe6 fxe6 9. Re1 Qd7 10. Qe2 a6 11. Rad1 Ng4 12. Rf1 Nf6 13. Rfe1 h6 14. h3
Kh8 15. a4 Rf7 16. Qf1 Raf8 17. Ne2 g5 18. d4 exd4 19. Nfxd4 Nxe4 20. Ba1
e5 21. Nf3 Bxf2+ 22. Kh1 Bxe1 23. Qxe1 Ne7 24. Rd3 Nc5 25. Rd1 Kg8 26. Nxe5
Qe8 27. Nxf7 Qxf7 28. Ng3 h5 29. Qc3 Qh7 30. Nxh5 Nf5 31. Nf6+ Kh8 32.
Nxh7+ Kxh7 33. Rf1 Kg6 34. g4 Kf7 35. Rxf5+ Ke8 36. Rxf8+ Kxf8 37. Qg7+ Ke8
38. Qh8+ Kd7 39. Bf6 Kc6 40. Qe8+ Kb6 41. Bd4 Ka5 42. Bc3+ Kb6 43. Bd4 Ka5
44. b4+ Kxb4 45. c3+ Ka5 46. Bxc5 dxc5 47. Qe5 b6 48. Qxg5 Kxa4 49. Qf4+
Kb5 50. Qf1+ Ka5 51. Qa1+ Kb5 52. Qb1+ Ka5 53. c4 Ka4 54. Qa1+ Kb4 55. Qc1
Ka4 56. g5 Kb4 57. g6 Ka4 58. Qa1+ Kb4 59. Qc1 Ka4 60. g7 Kb4 61. g8=Q Ka4
62. Qa1+ Kb4 63. Qgg1 Kxc4 64. Qgf1+ Kb4 65. Qae1+ Ka4 66. Qf4+ Kb5 67.
Qb1+ Kc6 68. Qg6+ Kb7 69. Qfe4+ Ka7 70. Qe7 Kb8 71. Qg8+ Kb7 72. Qe4+ Ka7
73. Qea8# { Black checkmated } 1-0

[Event "ICC tourney 2552 (3 2)"]
[Site "Internet Chess Club"]
[Date "2021.05.07"]
[Round "1"]
[White "ZHAO, DANSON:K01-30127679"]
[Black "JANI, SONAM:K05-16948743"]
[Result "1-0"]
[ICCResult "Black forfeits on time"]
[WhiteElo "1400"]
[BlackElo "1400"]
[Opening "Two knights defense (Modern bishop's opening)"]
[ECO "C55"]
[NIC "IG.01"]
[Time "18:02:27"]
[PlyCount "67"]
[TimeControl "180+2"]

1. e4 e5 2. Nf3 Nc6 3. Bc4 Nf6 4. d3 h6 5. O-O Bc5 6. Nc3 d6 7. h3 Be6 8.
Bb3 Qe7 9. Be3 Bxe3 10. fxe3 Bxb3 11. axb3 O-O 12. Qe2 Nd8 13. d4 exd4 14.
exd4 Ne6 15. Rfe1 a6 16. Rad1 Rad8 17. Qe3 Nh5 18. Nd5 Qd7 19. Nc3 Qe7 20.
Qf2 Qf6 21. Nd5 Qg5 22. Qh4 Qxh4 23. Nxh4 b5 24. Nf5 c6 25. Nb6 Rc8 26.
Ne7+ Kh8 27. Nexc8 f6 28. Nxd6 Rf7 29. d5 Re7 30. dxe6 Rxe6 31. Ndc8 Re8
32. Rd2 Re6 33. Rd8+ Kh7 34. Rdd1 { Black forfeits on time } 1-0

[Event "ICC tourney 2552 (3 2)"]
[Site "Internet Chess Club"]
[Date "2021.05.07"]
[Round "1"]
[White "DHARMA, ADITYA:K03-30171155"]
[Black "MANDA, SATHVI:K03-30089211"]
[Result "1-0"]
[ICCResult "Black forfeits on time"]
[WhiteElo "1262"]
[BlackElo "1400"]
[Opening "Giuoco Piano"]
[ECO "C50"]
[NIC "IG.02"]
[Time "18:02:18"]
[PlyCount "81"]
[TimeControl "180+2"]

1. e4 e5 2. Nf3 Nc6 3. Bc4 Bc5 4. O-O Nf6 5. Nc3 O-O 6. d3 d6 7. Bg5 h6 8.
Bxf6 Qxf6 9. Nd5 Qd8 10. h3 Nd4 11. Nxd4 Bxd4 12. c3 Bc5 13. b4 Bb6 14.
Nxb6 axb6 15. Qf3 Qf6 16. Qxf6 gxf6 17. a4 c6 18. b5 cxb5 19. Bxb5 f5 20.
exf5 Bxf5 21. f4 exf4 22. Rxf4 Bg6 23. Rf6 Rfd8 24. d4 d5 25. Re1 Kg7 26.
Rxb6 Rab8 27. Re7 Rdc8 28. Rbxb7 Rxb7 29. Rxb7 Rxc3 30. a5 Ra3 31. a6 Ra1+
32. Kh2 Bf5 33. a7 Bc8 34. Rb8 Be6 35. a8=Q Rxa8 36. Rxa8 f5 37. Ra6 Kf6
38. Bd7 Ke7 39. Bxe6 f4 40. Bxd5 Kd7 41. g3 { Black forfeits on time } 1-0

[Event "ICC tourney 2552 (3 2)"]
[Site "Internet Chess Club"]
[Date "2021.05.07"]
[Round "1"]
[White "HU, ETHAN:K01-30094787"]
[Black "S MORGAN, LAKSHMI:K05-16867525"]
[Result "0-1"]
[ICCResult "White forfeits on time"]
[WhiteElo "1400"]
[BlackElo "1400"]
[Opening "Four knights: Italian variation"]
[ECO "C55"]
[NIC "IG.01"]
[Time "18:03:41"]
[PlyCount "58"]
[TimeControl "180+2"]

1. e4 e5 2. Nf3 Nc6 3. Bc4 Nf6 4. Nc3 Nxe4 5. Nxe4 d5 6. Bd3 dxe4 7. Bxe4
Bd6 8. O-O O-O 9. d4 exd4 10. c3 dxc3 11. bxc3 Ne5 12. Nxe5 Bxe5 13. Bb2
Qf6 14. Rc1 Be6 15. Bxb7 Rab8 16. Be4 Rxb2 17. Rc2 Rxc2 18. Bxc2 Bxc3 19.
Qd3 g6 20. Rd1 Bf5 21. Qe2 Bxc2 22. Qxc2 Be5 23. Re1 Re8 24. Qd1 Qe6 25.
Re2 Bxh2+ 26. Kf1 Qa6 27. g3 Rxe2 28. Qxe2 Qc6 29. Qe3 Qc4+ { White
forfeits on time } 0-1

[Event "ICC tourney 2552 (3 2)"]
[Site "Internet Chess Club"]
[Date "2021.05.07"]
[Round "1"]
[White "AGNIHOTRI, AADI:K05-16443397"]
[Black "DUBEY, SHIV:K01-17241381"]
[Result "1-0"]
[ICCResult "Black checkmated"]
[WhiteElo "1400"]
[BlackElo "1400"]
[Opening "Scotch gambit"]
[ECO "C44"]
[NIC "SO.06"]
[Time "18:04:00"]
[PlyCount "113"]
[TimeControl "180+2"]

1. e4 e5 2. Nf3 Nc6 3. d4 exd4 4. Bc4 Bb4+ 5. Bd2 Bxd2+ 6. Nbxd2 Nf6 7. O-O
O-O 8. e5 Ng4 9. Nxd4 Ngxe5 10. Nxc6 Nxc6 11. Qh5 Ne7 12. Bd3 Ng6 13. Nf3
f6 14. Bxg6 hxg6 15. Qxg6 Qe8 16. Qxe8 Rxe8 17. Nd4 d5 18. Nb5 Re7 19. Rae1
Rxe1 20. Rxe1 c6 21. Nc7 Rb8 22. Re8+ Kf7 23. h3 g5 24. Kh2 f5 25. g4 f4
26. h4 gxh4 27. Kh3 Bxg4+ 28. Kxg4 Rxe8 29. Nxe8 Kxe8 30. Kxh4 Kf7 31. Kg4
Kf6 32. Kxf4 b5 33. Ke3 Ke5 34. c3 c5 35. a3 c4 36. f3 a5 37. f4+ Kf5 38.
Kd4 Kxf4 39. Kxd5 Ke3 40. Kc5 Kd3 41. Kxb5 Kc2 42. Kxc4 Kxb2 43. a4 Ka3 44.
Kb5 Kb3 45. c4 Kc3 46. c5 Kb3 47. c6 Kc3 48. c7 Kb3 49. c8=Q Kb2 50. Kxa5
Kb3 51. Qc5 Kb2 52. Qc4 Ka1 53. Qb4 Ka2 54. Kb5 Ka1 55. Kc4 Ka2 56. Kc3 Ka1
57. Qb2# { Black checkmated } 1-0

[Event "ICC tourney 2552 (3 2)"]
[Site "Internet Chess Club"]
[Date "2021.05.07"]
[Round "1"]
[White "KAUR, JIND:K05-15724996"]
[Black "BHATT, DEV:K05-16675618"]
[Result "0-1"]
[ICCResult "White checkmated"]
[WhiteElo "1400"]
[BlackElo "1520"]
[Opening "two knights defense: Wilkes Barre (Traxler) variation"]
[ECO "C57"]
[NIC "KP.01"]
[Time "18:03:41"]
[PlyCount "58"]
[TimeControl "180+2"]

1. e4 e5 2. Nf3 Nc6 3. Bc4 Nf6 4. Ng5 Bc5 5. Bxf7+ Kf8 6. Bb3 Bxf2+ 7. Kxf2
h6 8. Nf3 Nxe4+ 9. Ke1 Nd4 10. Nxd4 Qh4+ 11. g3 Nxg3 12. Qf3+ Ke8 13. Qxg3
Qxd4 14. Qxg7 Qe4+ 15. Kf2 Rf8+ 16. Kg1 Qe1+ 17. Kg2 Qf2+ 18. Kh3 Rf3+ 19.
Qg3 d6+ 20. Kh4 Qd4+ 21. Kh5 Rxg3 22. hxg3 Qf2 23. d3 Qd4 24. Rh4 Qf2 25.
Bxh6 Qf5+ 26. Bg5 Qf7+ 27. Bxf7+ Kxf7 28. Kh6 Bf5 29. d4 Rh8# { White
checkmated } 0-1

[Event "ICC tourney 2552 (3 2)"]
[Site "Internet Chess Club"]
[Date "2021.05.07"]
[Round "1"]
[White "VONWILLER, CALLUM:K03-16667060"]
[Black "JAIN, DARSH:K05-30103038"]
[Result "0-1"]
[ICCResult "White forfeits on time"]
[WhiteElo "1400"]
[BlackElo "1400"]
[Opening "Scotch game"]
[ECO "C45"]
[NIC "SO.04"]
[Time "18:03:38"]
[PlyCount "66"]
[TimeControl "180+2"]

1. e4 e5 2. Nf3 Nc6 3. d4 exd4 4. Nxd4 Nxd4 5. Qxd4 Nf6 6. e5 c5 7. Qd1 Qe7
8. Be2 Qxe5 9. O-O Be7 10. Be3 Qxb2 11. Nd2 Qb4 12. a3 Qb6 13. Nc4 Qc6 14.
Ne5 Qd6 15. Qxd6 Bxd6 16. Nd3 b6 17. Bf3 Rb8 18. Rfe1 Be7 19. Bf4 c4 20.
Nb4 a5 21. Na2 Ba6 22. Bxb8 Kd8 23. Re3 Bc5 24. Re5 Kc8 25. Rb1 Kxb8 26.
Nc3 Kc7 27. Na4 Bxa3 28. Rxb6 Bc8 29. Re1 Bb4 30. Re7 Re8 31. Rxe8 Nxe8 32.
Be2 d5 33. Bf3 Bd7 { White forfeits on time } 0-1

[Event "ICC tourney 2552 (3 2)"]
[Site "Internet Chess Club"]
[Date "2021.05.07"]
[Round "1"]
[White "MCPHETERS, DYLAN:K06-30151662"]
[Black "SEELAM, DHRUVA:K03-30031918"]
[Result "1-0"]
[ICCResult "Black forfeits on time"]
[WhiteElo "1400"]
[BlackElo "1400"]
[Opening "Sicilian"]
[ECO "B50"]
[NIC "SI.01"]
[Time "18:04:00"]
[PlyCount "55"]
[TimeControl "180+2"]

1. e4 c5 2. Nf3 d6 3. Bc4 Nf6 4. Nc3 g6 5. d3 Bg7 6. Bg5 O-O 7. Bxf6 exf6
8. O-O Bg4 9. h3 Bxf3 10. Qxf3 Nc6 11. Qe3 Ne5 12. Nd5 Nxc4 13. dxc4 f5 14.
exf5 Re8 15. Qc1 gxf5 16. g4 fxg4 17. hxg4 Rb8 18. Re1 Rxe1+ 19. Qxe1 Qg5
20. Ne7+ Kf8 21. Nd5 Re8 22. Qf1 Qxg4+ 23. Qg2 Qxc4 24. Nc7 Rc8 25. Qxb7
Rxc7 26. Qxc7 Bh6 27. Qd8+ Kg7 28. Qxd6 { Black forfeits on time } 1-0

[Event "ICC tourney 2552 (3 2)"]
[Site "Internet Chess Club"]
[Date "2021.05.07"]
[Round "1"]
[White "SRIRAM, SHRAVAN:K06-15894655"]
[Black "ADDURI, MANSI:K03-17004388"]
[Result "0-1"]
[ICCResult "White forfeits on time"]
[WhiteElo "1400"]
[BlackElo "1400"]
[Opening "QGD Slav defense"]
[ECO "D10"]
[NIC "SL.01"]
[Time "18:03:00"]
[PlyCount "86"]
[TimeControl "180+2"]

1. d4 d5 2. c4 c6 3. Nc3 Nf6 4. cxd5 cxd5 5. Bg5 e6 6. e3 Be7 7. Bb5+ Bd7
8. Bxd7+ Nbxd7 9. Nf3 O-O 10. O-O h6 11. Bh4 Ne4 12. Bxe7 Qxe7 13. Rc1 Ndf6
14. Ne5 Nd7 15. Nxe4 Nxe5 16. f4 Nc4 17. Nc5 Nxe3 18. Qb3 Nxf1 19. Rxf1
Rab8 20. Re1 b6 21. Na6 Rbc8 22. Qxd5 exd5 23. Rxe7 Rc2 24. Rxa7 Rxb2 25.
Rb7 Rxa2 26. Rxb6 Ra4 27. Nb4 Rd8 28. Rb5 Kh7 29. Kf2 Kg6 30. Kf3 f5 31.
Rb6+ Kf7 32. Nc6 Re8 33. Ne5+ Kf8 34. Ke3 Ra3+ 35. Kd2 Ra2+ 36. Ke3 Rxg2
37. Rd6 Rxh2 38. Rxd5 Rh5 39. Kf3 Rh3+ 40. Kg2 Rb3 41. Ng6+ Kg8 42. Rxf5
Re6 43. Rf8+ Kh7 { White forfeits on time } 0-1

[Event "ICC tourney 2552 (3 2)"]
[Site "Internet Chess Club"]
[Date "2021.05.07"]
[Round "1"]
[White "SASTRY, ARUSH:K05-30017444"]
[Black "KEDARESH DESHPANDE, AARYAV:K01-30164037"]
[Result "1-0"]
[ICCResult "Black forfeits on time"]
[WhiteElo "1400"]
[BlackElo "1400"]
[Opening "QGA: 3.e4"]
[ECO "D20"]
[NIC "QG.04"]
[Time "18:03:57"]
[PlyCount "57"]
[TimeControl "180+2"]

1. d4 d5 2. c4 dxc4 3. e4 Nc6 4. Nf3 Nf6 5. Nc3 Bg4 6. e5 Nd5 7. Be3 Nxe3
8. fxe3 e6 9. h3 Bf5 10. Bxc4 Bb4 11. a3 Bxc3+ 12. bxc3 O-O 13. O-O a6 14.
Ra2 b5 15. Bb3 a5 16. a4 bxa4 17. Bxa4 Qd7 18. Rd2 Bg6 19. d5 exd5 20. Rxd5
Qe8 21. Rc5 Be4 22. Qb3 Rb8 23. Qc4 Rb6 24. Rd1 Qe6 25. Ng5 Qg6 26. h4 Na7
27. Rxc7 Nc8 28. Rxc8 Bb7 29. Rc7 { Black forfeits on time } 1-0

[Event "ICC tourney 2552 (3 2)"]
[Site "Internet Chess Club"]
[Date "2021.05.07"]
[Round "1"]
[White "PARK, JOSHUA:K05-16451732"]
[Black "LIN, MICHAEL:K01-17281737"]
[Result "0-1"]
[ICCResult "White forfeits on time"]
[WhiteElo "1400"]
[BlackElo "1400"]
[Opening "Queen's pawn: Chigorin variation"]
[ECO "D00"]
[NIC "QP.08"]
[Time "18:03:20"]
[PlyCount "70"]
[TimeControl "180+2"]

1. d4 d5 2. Nc3 Nf6 3. Nf3 e6 4. e3 c5 5. dxc5 Bxc5 6. Bb5+ Bd7 7. Bxd7+
Nbxd7 8. O-O O-O 9. a3 Qc7 10. b4 Bd6 11. Ng5 Bxh2+ 12. Kh1 Be5 13. Bd2
Bxc3 14. Bxc3 Qxc3 15. Qd4 Qxd4 16. exd4 h6 17. Nf3 Rfc8 18. Rfe1 Rxc2 19.
g4 Ne4 20. a4 Nxf2+ 21. Kg1 Nxg4 22. b5 Rac8 23. a5 Rf2 24. b6 axb6 25.
axb6 Nxb6 26. Rf1 Rcc2 27. Rac1 Nc4 28. Rxc2 Rxc2 29. Re1 Nce3 30. Ra1 b5
31. Ra5 b4 32. Ra1 b3 33. Rb1 b2 34. Kh1 Rc1+ 35. Rxc1 bxc1=Q+ { White
forfeits on time } 0-1

[Event "ICC tourney 2552 (3 2)"]
[Site "Internet Chess Club"]
[Date "2021.05.07"]
[Round "1"]
[White "MUKTINUTALAPATI, NIKHIL:K05-16577451"]
[Black "HONSTEIN, HENRY:K01-30059901"]
[Result "0-1"]
[ICCResult "White forfeits on time"]
[WhiteElo "1400"]
[BlackElo "1400"]
[Opening "KP: Patzer opening"]
[ECO "C20"]
[NIC "KP.10"]
[Time "18:04:00"]
[PlyCount "74"]
[TimeControl "180+2"]

1. e4 e5 2. Qh5 Nc6 3. Bc4 g6 4. Qf3 Nf6 5. Ne2 Bg7 6. O-O d6 7. d3 Bg4 8.
Qg3 Bxe2 9. Re1 Bg4 10. Bg5 Bd7 11. Nc3 Nd4 12. Bb3 Nxb3 13. Nd5 O-O 14.
Qf3 Nd4 15. Qg3 Nxc2 16. Rec1 Nxa1 17. Qf3 Qe8 18. Bxf6 Bxf6 19. Nxf6+ Kg7
20. Nxe8+ Raxe8 21. Rxa1 Re6 22. Qh3 Re7 23. Re1 Bxh3 24. gxh3 c6 25. Kh1
Re6 26. Rg1 Rf6 27. h4 Rxf2 28. h5 Re8 29. Rg3 Kh6 30. hxg6 fxg6 31. h4
Rxb2 32. h5 gxh5 33. a4 h4 34. Rg1 Rf8 35. a5 Rff2 36. Ra1 h3 37. a6 b6 {
White forfeits on time } 0-1